 Dungeon Crawl Stone Soup version 0.23.2-1-ga50397a (webtiles) character file.

Game seed: 6552589244838629818

58 myga the Chiller (level 4, 0/30 HPs)
             Began as a Barachi Ice Elementalist on Apr 21, 2019.
             Succumbed to an adder's poison
             ... on level 2 of the Dungeon.
             The game lasted 00:04:44 (989 turns).

myga the Chiller (Barachi Ice Elementalist)          Turns: 989, Time: 00:04:44

Health: 0/30       AC:  5    Str: 10    XL:     4   Next: 1%
Magic:  5/8        EV: 12    Int: 15    God:
Gold:   37         SH:  0    Dex: 13    Spells: 5/8 levels left

rFire    . . .     SeeInvis .   f - +0 dagger
rCold    . . .     Gourm    .   (no shield)
rNeg     . . .     Faith    .   g - +0 leather armour
rPois    .         Spirit   .   (no helmet)
rElec    .         Reflect  .   (no cloak)
rCorr    .         Harm     .   b - +1 pair of gloves
MR       .....                  (no boots)
Stlth    ++........             (no amulet)
HPRegen  0.10/turn              (no ring)
MPRegen  0.11/turn              (no ring)

@: lethally poisoned (0 -> -4), slow
A: +LOS, swims, slowness 1, strong legs 1
a: Hop


You were on level 2 of the Dungeon.
You were not hungry.

You visited 1 branch of the dungeon, and saw 2 of its levels.

You collected 37 gold pieces.

Inventory:

Hand Weapons
 f - a +0 dagger (weapon)
Missiles
 k - 15 stones (quivered)
Armour
 a - a +0 robe
 b - a +1 pair of gloves (worn)
 g - a +0 leather armour (worn)
Scrolls
 i - a scroll of blinking
 m - a scroll of enchant armour
Potions
 d - a potion of might
 e - a potion of haste
 h - a potion of flight
Comestibles
 c - 5 rations
 j - a chunk of flesh


   Skills:
 + Level 0.1 Short Blades
 + Level 0.5 Armour
 + Level 2.4 Dodging
 + Level 2.4 Stealth
 + Level 0.2 Unarmed Combat
 + Level 2.8 Spellcasting
 + Level 1.1 Conjurations
 + Level 4.4 Ice Magic


You had 5 spell levels left.
You knew the following spells:

 Your Spells              Type           Power        Failure   Level  Hunger
a - Freeze                Ice            ###.         4%          1    #......
b - Throw Frost           Conj/Ice       ##....       14%         2    ##.....

Your spell library contained the following spells:

 Spells                   Type           Power        Failure   Level  Hunger
 Ozocubu's Armour         Chrm/Ice       #.......     32%         3    ###....
 Throw Icicle             Conj/Ice       ##......     65%         4    #####..
 Summon Ice Beast         Ice/Summ       #.......     73%         4    #####..


Dungeon Overview and Level Annotations

Branches:
Dungeon (2/15)

Altars:


Innate Abilities, Weirdness & Mutations

Shadows flee at your approach. (+LOS)
You can swim through water.
You cover ground slowly.
You can hop short distances.


Message History

Things that are here:
a chunk of flesh; a rat skeleton
As you read the scroll of teleportation, it crumbles to dust.
You feel strangely unstable.
* * * LOW HITPOINT WARNING * * *
You feel sick.
* * * LOW HITPOINT WARNING * * *
You feel sick.
Your surroundings suddenly seem different.
* * * LOW HITPOINT WARNING * * *
You feel sick.
* * * LOW HITPOINT WARNING * * *
You feel sick.
Okay, then.
As you read the scroll labeled TUCYLAHIUX, it crumbles to dust.
You feel as if something is helping you.
It was a scroll of remove curse.
Okay, then.
There is a lethal amount of poison in your body!
You die...

##########
#.........
#######.#####
#....@......#
#.#.###.###.#
.. #.# # #.
#.. # ####


There were no monsters in sight!

Vanquished Creatures
  Jessica (D:2)
  An adder (D:2)
  A dart slug (D:1)
  3 bats (D:1)
  A giant cockroach (D:1)
  4 hobgoblins
  2 kobolds (D:1)
  A frilled lizard (D:1)
  3 goblins
  4 rats
21 creatures vanquished.

Notes
Turn   | Place    | Note
-------+----------+-------------------------------------------
     0 | D:1      | myga the Barachi Ice Elementalist began the quest for the
                  | Orb.
     0 | D:1      | Reached XP level 1. HP: 13/13 MP: 3/3
    48 | D:1      | Reached skill level 4 in Ice Magic
    48 | D:1      | Reached XP level 2. HP: 4/19 MP: 0/5
   511 | D:1      | Learned a level 2 spell: Throw Frost
   953 | D:2      | Noticed Jessica
   959 | D:2      | Killed Jessica
   959 | D:2      | Reached XP level 3. HP: 24/24 MP: 7/7
   976 | D:2      | Reached XP level 4. HP: 8/30 MP: 4/8
   986 | D:2      | HP: 1/30 [poisoned by an adder]
   989 | D:2      | Succumbed to an adder's poison

Skill      XL: |  1  2 |
---------------+-------+-----
Ice Magic      | 4 |  4.4
Stealth        | 2 |  2.4
Short Blades   | |  0.1
Armour         | |  0.5
Dodging        | |  2.4
Unarmed Combat | |  0.2
Spellcasting   | |  2.8
Conjurations   | |  1.1

Action                   |  1- 3 |  4- 6 || total
-------------------------+-------+-------++-------
Melee: Unarmed           |     6 |       ||     6
       Dagger            |    21 |     1 ||    22
 Cast: Freeze            |    18 |     2 ||    20
       Throw Frost       |     1 |       ||     1
  Use: Scroll            |     4 |     2 ||     6
       Potion            |     2 |       ||     2
 Stab: Sleeping          |     4 |       ||     4
  Eat: Chunk             |     1 |       ||     1
Armor: Robe              |     1 |       ||     1
       Leather armour    |     8 |       ||     8
Dodge: Dodged            |    21 |     1 ||    22
